 Dungeon Crawl Stone Soup version 0.30-a0-305-g026cb31310 (webtiles) character file.

Game seed: 839788237077411655

5 Zonian the Magician (level 1, 0/15 HPs)
             Began as a Djinni Ice Elementalist on Oct 22, 2022.
             Slain by a goblin
             ... wielding a +0 dagger
             ... led by Robin
              (1 damage)
             ... on level 2 of the Dungeon.
             The game lasted 00:00:54 (203 turns).

Zonian the Magician (Djinni Ice Elementalist)        Turns: 203, Time: 00:00:55

Health: 0/15       AC:  2    Str:  7    XL:     1   Next: 88%
Gold:   18         EV: 12    Int: 16    God:
                   SH:  0    Dex: 13

rFire   + + .      SeeInvis .    g - +0 short sword
rCold   + . .      Faith    .    (no shield)
rNeg    . . .      Spirit   .    a - +0 robe
rPois   ∞          Reflect  .    (no helmet)
rElec   +          Harm     .    (no cloak)
rCorr   +          Rampage  .    (no gloves)
Will    .....                    (boots unavailable)
Stlth   ++........               (no amulet)
HPRegen 0.22/turn                b - ring of ice
MPRegen 0.00/turn                (no ring)

@: resistant, weak-willed, flying
A: sickness immunity, fire resistance 2, cold vulnerability 1, float, innate
caster, HP casting, extra vitality 1
a: no special abilities


You were on level 2 of the Dungeon.
You visited 1 branch of the dungeon, and saw 2 of its levels.

You collected 18 gold pieces.

Inventory:

Hand Weapons
 g - a +0 short sword (weapon)
Armour
 a - a +0 robe (worn)
 d - a +0 pair of gloves
Jewellery
 b - a ring of ice (left hand)


   Skills:
 + Level 2.4 Dodging
 + Level 1.7 Stealth
 + Level 3.3 Spellcasting


You couldn't memorise any spells.
You knew the following spells:

 Your Spells              Type           Power      Damage    Failure   Level
a - Freeze                Ice            80%        1d9       4%          1
b - Frozen Ramparts       Ice            40%        1d7       14%         3
c - Ozocubu's Armour      Ice            20%        N/A       14%         3
d - Summon Ice Beast      Ice/Summ       20%        N/A       41%         4
Your spell library was empty.

Dungeon Overview and Level Annotations

Branches:
Dungeon (1/15)

Altars:

Annotations:
D:2 Robin


Innate Abilities, Weirdness & Mutations

You are immune to sickness and miasma.
You are immune to poison.
Your flesh is very heat resistant. (rF++)
You are vulnerable to cold. (rC-)
You float through the air rather than walking.
You learn spells naturally, not from books.
Your magical power is your life essence.
You have superior vitality. (+4 MHP)


Message History

Casting: Freeze (safe; 4% risk of failure)
Confirm with . or Enter, or press ? or * to list all spells.
Aiming: Freeze (safe; 4% risk of failure)
Press: ? - help, Shift-Dir - straight line, f - goblin
Aim: a goblin, wielding a +0 dagger You feel a surge of power!
You freeze the goblin.
The goblin is moderately wounded.
A goblin comes into view. It is wielding a +0 dagger.
The goblin hits you with a +0 dagger. Robin throws the goblin at you!
Casting: Freeze (safe; 4% risk of failure)
Confirm with . or Enter, or press ? or * to list all spells.
Aiming: Freeze (safe; 4% risk of failure)
Press: ? - help, Shift-Dir - straight line, f/p - goblin
Aim: a goblin, wielding a +0 dagger (moderately wounded)
You feel a surge of power!
You freeze the goblin.
You kill the goblin!
Robin's bangles clink loudly.
Robin roars a battlecry!
The goblins go into a battle-frenzy!
The goblin hits you with a +0 dagger.
A goblin comes into view. It is wielding a +0 club.
Okay, then.
It was a potion of flight.
You feel more buoyant. The goblin hits you with a +0 dagger.
* * * LOW HITPOINT WARNING * * *
The goblin completely misses you. Robin throws the goblin at you!
* * * LOW HITPOINT WARNING * * *
It was a potion of resistance.
You feel protected. The goblin hits you with a +0 dagger.
* * * LOW HITPOINT WARNING * * *
The goblin completely misses you. The goblin hits you but does no damage.
You hit the goblin but do no damage. The goblin misses you. x2
The goblin barely misses you.
As you read the scroll labelled NICWIO EVIOMA, it crumbles to dust.
Magic quickly surges around you.
It was a scroll of vulnerability.
The goblin misses you. The goblin barely misses you.
The goblin hits you with a +0 dagger.
You die...

#..# #.# #..# #.# #..#
#.###..# #g##...## .#
#g#.....# .# #
#g##.#.#####.##.#. #.#
#g##..............
....##@##.#...###.##.#.
#..g.g..#.#.###.##.#.
####......#..........
###....#....#####
#.#######.# #....#....#
####.#.#### #.#.# #...#


You could see Robin (weak-willed), a hobgoblin (strong, weak-willed) and 4
goblins.

Vanquished Creatures
  A goblin (D:2)
  A hobgoblin (D:1)
  2 bats (D:1)
  A frilled lizard (D:2)
  A kobold (D:1)
6 creatures vanquished.

Notes
Turn   | Place    | Note
-------+----------+-------------------------------------------
     0 | D:1      | Zonian the Djinni Ice Elementalist began the quest for the
                  | Orb.
     0 | D:1      | Zonian set off with the following spells memorised: Freeze,
                  | Frozen Ramparts, Ozocubu's Armour, Summon Ice Beast.
     0 | D:1      | Reached XP level 1. HP: 15/15 MP: 0/0
   164 | D:1      | You are sucked into a shaft and drop 1 floor!
   196 | D:2      | Noticed Robin
   203 | D:2      | Slain by a goblin

Illustrated notes

Levels and vault maps discovered:
D:1:      psy_arrival_dodecagon, layout_loops_corners
D:2:      layout_loops_ring, minmay_heptomino_h4, uniq_robin

Action                   || total
-------------------------++-------
Melee: Unarmed           ||     4
       Short sword       ||     2
 Cast: Freeze            ||     9
  Use: Potion            ||     2
       Scroll            ||     1
Armor: Robe              ||     4
Dodge: Dodged            ||    17

Table legend: (Time is in decaauts)
 A = Elapsed time spent in this place.
 B = Non-inter-level travel time spent in this place.
 C = Inter-level travel time spent in this place.
 D = Time resting spent in this place.
 E = Time spent auto-exploring this place.
 F = Levels seen in this place.
 G = Mean time per level.
                   A        B        C        D        E       F      G
               +--------+--------+--------+--------+--------+-----+--------+
         Total |    201 |    201 |      0 |      0 |    148 |   2 |  100.5 |
       Dungeon |    201 |    201 |      0 |      0 |    148 |   2 |  100.5 |
               +--------+--------+--------+--------+--------+-----+--------+

Top non-repeatable levels by time:
     D:1: 163 daAuts
     D:2: 38 daAuts
